 Dungeon Crawl Stone Soup version 0.29.1-15-g9cfb28693d (webtiles) character file.

Game seed: 5680262772552091137

2114 Eitelfritz the Cleaver (level 9, -3/72 HPs)
             Began as a Hill Orc Fighter on Apr 23, 2023.
             Was a Follower of Hepliaklqana.
             Slain by a gnoll sergeant
             ... wielding a +0 spear
              (9 damage)
             ... on level 6 of the Dungeon.
             The game lasted 00:10:43 (7276 turns).

Eitelfritz the Cleaver (Hill Orc Fighter)           Turns: 7276, Time: 00:10:44

Health: -3/72      AC: 10    Str: 23    XL:     9   Next: 29%
Magic:  9/9        EV: 10    Int:  8    God:    Hepliaklqana [*.....]
Gold:   235        SH:  4    Dex: 10    Spells: 8/8 levels left

rFire   . . .      SeeInvis .   a - +1 war axe (venom)
rCold   + . .      Faith    .   c - +0 buckler
rNeg    . . .      Spirit   .   b - +0 scale mail
rPois   +          Reflect  .   w - +0 helmet
rElec   .          Harm     .   (no cloak)
rCorr   .          Rampage  .   k - +0 pair of gloves
Will    .....                   (no boots)
Stlth   ..........              (no amulet)
HPRegen 0.22/turn               e - ring of poison resistance
MPRegen 0.11/turn               C - ring of protection from cold

@: studying Fighting
A: reduced essence
a: Renounce Religion, Recall Ancestor, Ancestor Identity


You were on level 6 of the Dungeon.
You worshipped Hepliaklqana.
Hepliaklqana was aware of your devotion.
You visited 2 branches of the dungeon, and saw 7 of its levels.
You also visited: Sewer.

You collected 235 gold pieces.

Inventory:

Hand Weapons
 a - a +1 war axe of venom (weapon)
 z - a +0 flail
Missiles
 m - 4 javelins
 q - 3 poisoned darts (quivered)
 y - a throwing net
Armour
 b - a +0 scale mail (worn)
 c - a +0 buckler (worn)
 h - a +0 chain mail
 k - a +0 pair of gloves (worn)
 w - a +0 helmet (worn)
Jewellery
 e - a ring of poison resistance (left hand)
 C - a ring of protection from cold (right hand)
Wands
 o - a wand of paralysis (8)
 p - a wand of roots (7)
 r - a wand of digging (7)
Scrolls
 i - a scroll of poison
 j - 3 scrolls of teleportation
 l - 3 scrolls of immolation
 v - a scroll of fog
 x - a scroll of fear
Potions
 d - 2 potions of might
 f - a potion of heal wounds
 g - 2 potions of brilliance {unknown}
 n - a potion of magic
 s - 3 potions of curing
 t - a potion of mutation
 A - a potion of resistance {unknown}
 D - a potion of flight {unknown}


   Skills:
 + Level 7.9 Fighting
 + Level 9.7 Axes
 + Level 0.5 Throwing
 + Level 7.4 Armour
 + Level 2.2 Dodging
 + Level 2.1 Stealth
 + Level 4.8 Shields
 + Level 0.1 Evocations


You had 8 spell levels left.
You didn't know any spells.
Your spell library contained the following spells:

 Spells                   Type           Power      Damage    Failure   Level
 Portal Projectile        Hex/Tloc       0%         N/A       98%         3
 Tukima's Dance           Hex            0%         N/A       98%         3
 Blade Hands              Tmut           0%         N/A       100%        5


Dungeon Overview and Level Annotations

Branches:
Dungeon (6/15)             Temple (1/1) D:4           Sewer (visited)

Altars:
Dithmenos
Elyvilon
Fedhas
Gozag
Hepliaklqana
Kikubaaqudgha
Makhleb
Nemelex Xobeh
Okawaru
Qazlal
Sif Muna
Trog
Uskayaw
Vehumet
Xom
Yredelemnul


Message History

The gnoll hits you with a +0 spear.
The gnoll sergeant hits you from afar with a +0 spear!
You barely miss the gnoll.
The gnoll is heavily wounded.
Shunnar hits the gnoll!
The gnoll dies!
The gnoll hits you from afar with a +0 halberd!
The gnoll sergeant hits you from afar with a +0 spear.
Unknown command.
The gnoll closely misses you.
The gnoll sergeant hits you from afar with a +0 spear!
Things that are here:
a +0 spear; a gnoll corpse You hit the gnoll.
The gnoll is poisoned.
The gnoll is lightly wounded.
The gnoll sergeant closely misses you. You block the gnoll's attack.
You barely miss the gnoll.
The gnoll is lightly wounded.
The gnoll sergeant hits you from afar with a +0 spear.
You block the gnoll's attack.
You slice the gnoll!!
You kill the gnoll!
Shunnar hits the gnoll sergeant.
The gnoll sergeant hits you from afar with a +0 spear!
Shunnar barely misses the gnoll sergeant.
The gnoll sergeant hits you with a +0 spear!
* * * LOW HITPOINT WARNING * * *
Things that are here:
a +0 halberd; a gnoll corpse You completely miss the gnoll sergeant.
The gnoll sergeant is lightly wounded.
Shunnar hits the gnoll sergeant but does no damage.
The gnoll sergeant hits you with a +0 spear!
* * * LOW HITPOINT WARNING * * *
You slash the gnoll sergeant!
The gnoll sergeant looks as sick as possible!
The gnoll sergeant is moderately wounded.
Shunnar barely misses the gnoll sergeant.
The gnoll sergeant hits you with a +0 spear!
You die...

######.........~≈~ .#
...#............≈.. .#
##.#............#....
#..'............# .#
R#.'...........# .
.#.#....[#......##.##
...#.....#.......#..#
####.........##.....#
##....#..#####@g.###.
##.....#......)R....... ...
#..............######.. ...
#...........#?..# ...#
##..........#...###### .....
###........#.........##.....
##.))).........#..†.#.#.?....
#...)..........#....#........
##...........................


You could see the friendly Shunnar the ancestor and a gnoll sergeant (extremely
poisoned, ally target).

Vanquished Creatures
  Sigmund (D:3)
  Menkaure (D:4)
  A sky beast (D:6)
  A black bear (D:6)
  An orc warrior (D:5)
  3 ogres
  A phantom (D:4)
  3 bullfrogs
  A gnoll sergeant (D:5)
  3 wights (D:5)
  A howler monkey (D:5)
  3 hounds
  A jelly (D:5)
  An orc priest (D:6)
  2 orc wizards
  10 gnolls
  15 adders
  2 ufetubi (D:5)
  2 dart slugs (D:2)
  8 orcs
  10 ball pythons
  2 endoplasms (D:1)
  10 giant cockroaches
  4 goblins
  7 hobgoblins
  4 jackals (D:1)
  12 quokkas
  11 bats
  7 frilled lizards
  7 kobolds
  4 rats
139 creatures vanquished.

Vanquished Creatures (collateral kills)
  An ice beast (D:6)
  A bullfrog (D:6)
  A scorpion (D:6)
  2 gnolls (D:6)
  An adder (D:6)
6 creatures vanquished.

Grand Total: 145 creatures vanquished

Notes
Turn   | Place    | Note
-------+----------+-------------------------------------------
     0 | D:1      | Eitelfritz the Hill Orc Fighter began the quest for the
                  | Orb.
     0 | D:1      | Reached XP level 1. HP: 19/19 MP: 1/1
   252 | D:1      | Reached XP level 2. HP: 23/27 MP: 2/2
   504 | D:1      | Reached skill level 3 in Axes
  1169 | D:2      | Reached XP level 3. HP: 30/33 MP: 3/3
  1898 | D:3      | Reached skill level 4 in Axes
  1898 | D:3      | Reached XP level 4. HP: 38/41 MP: 4/4
  2189 | D:3      | Noticed Sigmund
  2203 | D:3      | Killed Sigmund
  2204 | D:3      | Reached skill level 5 in Axes
  2204 | D:3      | Reached skill level 1 in Dodging
  2204 | D:3      | Reached skill level 1 in Stealth
  2204 | D:3      | Reached XP level 5. HP: 43/47 MP: 5/5
  2204 | D:3      | Reached XP level 6. HP: 48/53 MP: 6/6
  2336 | D:3      | Reached skill level 5 in Fighting
  2533 | D:3      | Identified the +9 dire flail "Tetyvvod" {elec, rC+}
  2965 | D:4      | Reached skill level 6 in Axes
  2965 | D:4      | Reached XP level 7. HP: 60/61 MP: 7/7
  3098 | D:4      | Noticed Menkaure
  3106 | D:4      | Killed Menkaure
  3548 | D:4      | Found a staircase to the Ecumenical Temple.
  3554 | D:4      | Identified the +4 robe "Nentin" {Int+5}
  3582 | Temple   | Entered the Ecumenical Temple
  3735 | Temple   | Became a worshipper of Hepliaklqana the Forgotten
  4137 | D:5      | Entered Level 5 of the Dungeon
  4244 | D:5      | Found a glowing drain.
  4302 | Sewer    | Entered a sewer
  4365 | Sewer    | Reached skill level 5 in Armour
  4561 | Sewer    | Reached skill level 7 in Axes
  4984 | D:5      | Reached XP level 8. HP: 55/70 MP: 8/8
  5504 | D:5      | Reached skill level 8 in Axes
  6088 | D:5      | Reached * piety under Hepliaklqana
  6227 | D:5      | Identified a scroll of acquirement
  6227 | D:5      | Acquired a manual of Fighting
  6649 | D:6      | Reached skill level 9 in Axes
  6741 | D:6      | Reached XP level 9. HP: 61/71 MP: 9/9
  7276 | D:6      | Slain by a gnoll sergeant

Illustrated notes

Levels and vault maps discovered:
D:1:      saegor_arrival_fortress, layout_loops_ring
D:2:      layout_loops_cross, nrook_uturn, reono_crystal_passage
D:3:      layout_basic, uniq_sigmund
D:4:      layout_basic, minmay_temple_entry_junction_2,
          kennysheep_generic_room_8, uniq_menkaure
D:5:      layout_loops_cross, gup_sewer_entry_pipe
D:6:      layout_cave_pools, serial_shops, nicolae_shop_hallway_stairs,
          chequers_serial_rivers_small_a, kennysheep_generic_room_12
Temple:   nicolae_temple_elliptical

Skill      XL: |  1  2  3  4  5  6  7  8  9 |
---------------+----------------------------+-----
Fighting       | 4 5 7 |  7.9
Axes           | 3 4 5 6 7 9 |  9.7
Armour         | 4 5 6 7 |  7.4
Dodging        | 1 2 |  2.2
Stealth        | 1 2 |  2.1
Shields        | 4 |  4.8
Throwing       | |  0.5
Evocations     | |  0.1

Action                   |  1- 3 |  4- 6 |  7- 9 || total
-------------------------+-------+-------+-------++-------
Melee: War axe           |    84 |   117 |   272 ||   473
Throw: Dart              |       |       |     3 ||     3
Invok: Recall Ancestor   |       |       |     1 ||     1
Evoke: Wand              |       |     1 |       ||     1
  Use: Scroll            |       |       |    14 ||    14
       Potion            |       |       |     1 ||     1
 Stab: Paralysed         |       |     5 |       ||     5
Armor: Scale mail        |    52 |    86 |   139 ||   277
Dodge: Dodged            |    47 |    66 |   155 ||   268
Block: Buckler           |    20 |    32 |    72 ||   124
